 Dungeon Crawl Stone Soup version 0.17-a0-1951-g62301d3 (webtiles) character file.

216 Rationalist the Skirmisher (level 5, 0/63 HPs)
             Began as a Demonspawn Berserker on Oct 3, 2015.
             Was a Priest of Trog.
             Slain by a gnoll
             ... wielding a +0 halberd
              (4 damage)
             ... on level 3 of the Dungeon.
             The game lasted 00:03:48 (2433 turns).

Rationalist the Skirmisher (Demonspawn Berserker)   Turns: 2433, Time: 00:03:48

Health: 0/63       AC: 22    Str: 17    XL:     5   Next: 61%
Magic:  5/5        EV:  2    Int:  8    God:    Trog [***...]
Gold:   166        SH:  0    Dex: 14    Spells: 0 memorised, 4 levels left

rFire  . . .     SeeInvis .     a - +0 hand axe
rCold  . . .     Clarity  .     (armour currently unavailable)
rNeg   + + +     SustAt   .     (no shield)
rPois  +         Gourm    +     (helmet currently unavailable)
rElec  .         Spirit   .     (cloak currently unavailable)
rCorr  .         Warding  .     (gloves currently unavailable)
rMut   .         NoTele   +     (boots currently unavailable)
MR     .....                    x - amulet of the gourmand
Stlth  ++........               (no ring)
                                (no ring)

@: tree-form, not resistant to hostile enchantments, unstealthy
A: (spiny 0)
a: Burn Spellbooks, Berserk, Trog's Hand, Renounce Religion


You were on level 3 of the Dungeon.
You worshipped Trog.
Trog was most pleased with you.
You were very full.
You were a tree.
You visited 1 branch of the dungeon, and saw 3 of its levels.

You collected 166 gold pieces.

Inventory:

Hand weapons
 a - a +0 hand axe (weapon)
 u - a +0 hunting sling of flaming
Missiles
 o - 16 sling bullets
Armour
 b - a +0 animal skin (melded)
Jewellery
 v - an uncursed amulet of clarity
 x - an amulet of the gourmand (around neck)
Magical devices
 s - a wand of flame (7)
Scrolls
 d - 2 scrolls of noise {unknown}
 g - a scroll of random uselessness {unknown}
 j - a scroll of fog {unknown}
 l - 2 scrolls of identify {unknown}
 n - 2 scrolls of teleportation {unknown}
 q - 2 scrolls of recharging {unknown}
 r - a scroll of amnesia {unknown}
 t - 3 scrolls of remove curse {unknown}
 w - 2 scrolls of fear {unknown}
Potions
 e - a potion of haste {unknown}
 h - 2 potions of flight {unknown}
 i - 2 potions of brilliance {unknown}
 k - 3 potions of lignification
 m - 2 potions of curing {unknown}
 p - a potion of resistance {unknown}
 z - a potion of mutation {unknown}
 A - a potion of magic {unknown}
 B - a potion of beneficial mutation {unknown}
Comestibles
 c - 2 bread rations
 f - 2 meat rations
 C - 2 chunks of flesh


   Skills:
 + Level 4.2 Fighting
 + Level 3.5 Axes
 + Level 2.1 Armour
 + Level 3.3 Dodging
 + Level 1.7 Stealth


You had 4 spell levels left.
You didn't know any spells.

Dungeon Overview and Level Annotations

Branches:
Dungeon (3/15)

Altars:
Okawaru
Trog


Innate Abilities, Weirdness & Mutations

((You are partially covered in sharp spines.))


Message History

The gnoll is struck by your spines. The gnoll hits you with a spear.
The gnoll is struck by your spines. The gnoll misses you.
The gnoll hits you with a spear!
* * * LOW HITPOINT WARNING * * *
The gnoll hits you with a halberd.
* * * LOW HITPOINT WARNING * * *
The gnoll hits you with a spear.
* * * LOW HITPOINT WARNING * * *
You barely miss the gnoll.
The gnoll is moderately wounded.
You closely miss the gnoll.
The gnoll is severely wounded.
The gnoll misses you. The gnoll hits you but does no damage.
Unknown command.
Drink which item? (? for menu, Esc to quit)
It was a potion of lignification.
You turn into a tree.
Your +0 animal skin melds into your body.
Your roots penetrate the ground.
The gnoll hits you but does no damage. The gnoll hits you with a halberd.
You die...

...# ##########....#....... ...#
#........#..#.#..####.
...#########........#..#....####.
....................#..#....#....
....................#<......#....
....................######..#....
............................#....
................g...######..#....
..........).....♣...#######.####.
....########....g.......# #..# #.
....# #######......# #.[###.
....# #......# ##..##. ....#
##########......# #...... ....#
...........########...... #####
.............)†.......>..
#...........#...#####......
#...........#...# #......


You could see 2 gnolls.

Vanquished Creatures
  9 gnolls
  6 adders
  3 worms
  2 giant geckos (D:3)
  A ball python (D:3)
  8 bats
  9 hobgoblins
  8 kobolds
  3 giant cockroaches
  6 giant newts
  10 goblins
  6 quokkas (D:3)
  8 rats
79 creatures vanquished.

Notes
Turn   | Place    | Note
--------------------------------------------------------------
     0 | D:1      | Rationalist the Demonspawn Berserker began the quest for the Orb.
     0 | D:1      | Reached XP level 1. HP: 18/18 MP: 1/1
   368 | D:1      | Gained mutation: You are partially covered in sharp spines. [demonic ancestry]
   368 | D:1      | Reached XP level 2. HP: 24/24 MP: 2/2
   599 | D:1      | Acquired Trog's second power
   680 | D:2      | Found an iron altar of Okawaru.
   692 | D:2      | Found a bloodstained altar of Trog.
   740 | D:2      | Reached XP level 3. HP: 29/29 MP: 3/3
  1047 | D:2      | Reached XP level 4. HP: 35/37 MP: 4/4
  1553 | D:3      | Reached skill level 4 in Fighting
  1559 | D:3      | Reached XP level 5. HP: 26/42 MP: 5/5
  1941 | D:3      | Reached skill level 1 in Stealth
  2431 | D:3      | HP: 2/42 [gnoll/spear (2)]
  2433 | D:3      | Slain by a gnoll

Vault maps used:
D:1:      sevenhm_arrival_forest_fort_small_4
D:2:      grunt_temple_overflow_open, minmay_misc_feat_chi
D:3:      hangedman_decor_peaks_small, kennysheep_generic_room_4

Action                   |  1- 3 |  4- 6 || total
-------------------------+-------+-------++-------
Melee: Hand axe          |    48 |    59 ||   107
  Use: Potion            |       |     1 ||     1
 Stab: Sleeping          |     2 |     3 ||     5
  Eat: Chunk             |       |    24 ||    24
